AoeStats
← KG.专业开脑壳

Oasis

507026373Analyzed
4v4 RM · 14d ago on Sep 16, 2026· 21m 43s· 8 players
Game mode
Random Map
Map size
Large (8 player)
Population
200
Speed
Normal
Resources
Standard
Victory
Conquest
Starting age
Dark Age
Ending age
Imperial Age
RankedLock teamsTeams togetherTeam positionsShared explorationLock speedFull tech treeHidden civsTurbo modeCheats
Victory
Defeat
🇫🇷 Magyars · France
1313
+12
🇺🇸 Teutons · United States
1305
+13
🇲🇽 Hindustanis · Mexico
1223
+16
🇹🇷 Britons · Türkiye
1156
+19
🇧🇩 Lithuanians · Bangladesh
1248
-16
🇪🇸 Burgundians · Spain
1231
-15
🇨🇳 Ethiopians · China
1217
-15
🇨🇳 Italians · China
1201
-14
alexvolt4
3:32 Double-Bit Axe
10:46 Feudal Age
12:03 Bow Saw
15:44 Castle Age
15:09 Horse Collar
15:28 Gold Mining
16:36 Husbandry
16:09 Cavalier
17:23 Husbandry
17:47 Scale Barding Armor
18:48 Chain Barding Armor
CumansCumin
10:01 Feudal Age
13:53 Castle Age
12:17 Double-Bit Axe
12:50 Horse Collar
285066173
10:07 Feudal Age
10:32 Loom
17:55 Castle Age
17:12 Double-Bit Axe
17:10 Horse Collar
KG.专业开脑壳
7:34 Loom
9:51 Feudal Age
11:45 Double-Bit Axe
14:22 Horse Collar
15:50 Fletching
16:29 Padded Archer Armor
Si TôT
6:51 Loom
9:54 Feudal Age
17:05 Wheelbarrow
16:37 Double-Bit Axe
17:56 Scale Barding Armor
21:15 Castle Age
20:54 Gold Mining
20:48 Horse Collar
22:32 Bloodlines
22:23 Husbandry
Greñicov
10:52 Feudal Age
12:42 Double-Bit Axe
15:08 Castle Age
16:27 Loom
18:08 Fletching
Shamdan
6:28 Loom
9:11 Feudal Age
10:26 Double-Bit Axe
14:48 Fletching
16:19 Padded Archer Armor
16:32 Gold Mining
18:19 Horse Collar
20:14 Wheelbarrow
23:12 Castle Age
JokaDaJesta
6:59 Loom
9:35 Feudal Age
10:08 Double-Bit Axe
10:06 Horse Collar
16:02 Scale Barding Armor
17:20 Wheelbarrow
18:07 Bloodlines
18:58 Forging
22:53 Castle Age
Connection lost

Rejoining the realm…

Still unreachable

The connection could not be restored.

Session expired

The server has moved on; the page needs a fresh start.